 Dungeon Crawl Stone Soup version 0.30-a0-632-g346586fe48 (webtiles) character file.

Game seed: 17668323046455922601

121 Dirtsage the Changer (level 5, 0/33 HPs)
             Began as an Octopode Transmuter on Jan 13, 2023.
             Slain by an orc
             ... wielding a +0 trident
              (7 damage)
             ... on level 3 of the Dungeon.
             The game lasted 00:04:53 (1685 turns).

Dirtsage the Changer (Octopode Transmuter)          Turns: 1685, Time: 00:04:53

Health: 0/33       AC:  1    Str: 10    XL:     5   Next: 5%
Magic:  5/8        EV: 13    Int: 17    God:
Gold:   97         SH:  0    Dex: 12    Spells: 5/8 levels left

rFire   . . .      SeeInvis .      - Unarmed
rCold   . . .      Faith    .    (no shield)
rNeg    . . .      Spirit   .    (helmet currently unavailable)
rPois   .          Reflect  .    (no amulet)
rElec   .          Harm     .    (no ring)
rCorr   .          Rampage  .    (no ring)
Will    .....                    (no ring)
Stlth   ++                       (no ring)
HPRegen 0.25/turn                (no ring)
MPRegen 0.11/turn                (no ring)
                                 (no ring)
                                 (no ring)

@: appendages, wereblooded
A: tentacle spike 3, almost no armour, amphibious, 8 rings, camouflage 1,
gelatinous body 1, (nimble swimmer 1), tentacles
a: End Transformation


You were on level 3 of the Dungeon.
One of your tentacles had grown a beastly spike.
You visited 1 branch of the dungeon, and saw 3 of its levels.

You collected 97 gold pieces.

Inventory:

Scrolls
 e - a scroll of enchant weapon {unknown}
 f - 2 scrolls of teleportation {unknown}
 i - a scroll of identify {unknown}
 j - a scroll of vulnerability {unknown}
Potions
 a - a potion of lignification
 b - 2 potions of attraction {unknown}
 c - 2 potions of brilliance {unknown}
 d - a potion of haste {unknown}
 g - 2 potions of cancellation {unknown}
 h - a potion of berserk rage {unknown}
 k - a potion of curing {unknown}
 l - a potion of heal wounds {unknown}


   Skills:
 - Level 1.0 Fighting
 - Level 2.0 Dodging
 - Level 3.0 Unarmed Combat
 - Level 2.0 Spellcasting
 * Level 3.8 Transmutations
 * Level 3.0 Ice Magic


You had 5 spell levels left.
You knew the following spells:

 Your Spells              Type           Power      Damage    Failure   Level
a - Beastly Appendage     Tmut           28%        N/A       4%          1
b - Wereblood             Tmut           14%        N/A       6%          2

Your spell library contained the following spells:

 Spells                   Type           Power      Damage    Failure   Level
 Spider Form              Tmut/Pois      8%         N/A       26%         3
 Cigotuvi's Dreadful Rot  Necr/Pois/Air  2%         N/A       28%         2
 Ice Form                 Ice/Tmut       13%        N/A       43%         4
 Call Canine Familiar     Summ           1%         N/A       50%         3
 Gell's Gravitas          Tloc           1%         N/A       50%         3
 Lesser Beckoning         Tloc           2%         N/A       50%         3
 Portal Projectile        Hex/Tloc       2%         N/A       50%         3
 Teleport Other           Tloc           1%         N/A       50%         3
 Dispel Undead            Necr           1%         3d6       88%         4
 Leda's Liquefaction      Hex/Erth       0%         N/A       88%         4
 Death Channel            Necr           0%         N/A       100%        6


Dungeon Overview and Level Annotations

Branches:
Dungeon (3/15)

Altars:


Innate Abilities, Weirdness & Mutations

One of your tentacles has grown a beastly spike.
You cannot wear most types of armour.
You are amphibious.
You can wear up to eight rings at the same time.
Your skin changes colour to match your surroundings (Stealth+).
Your rubbery body absorbs attacks. (AC +1, EV +1)
((You are camouflaged when in or above water. (Stealth+)))
You have tentacles for arms and can constrict up to eight enemies at once.


Message History

Confirm with . or Enter, or press ? or * to list all spells.
You extend your transformation's duration.
You now have 5/8 mp.
You tentacle-slap the orc. Your grab misses the orc.
Your tentacle spike misses the orc.
Your squeeze misses the orc.
The orc is lightly wounded.
The orc barely misses you.
You tentacle-slap the orc. Your grab misses the orc.
Your squeeze misses the orc.
The orc is almost dead.
The orc closely misses you. The orc hits you with a +0 hand axe.
The orc barely misses you.
You take 4 damage, and have 18/33 hp.
You closely miss the orc. Your grab misses the orc.
Your tentacle spike misses the orc.
The orc is almost dead.
The orc priest closely misses you. The orc hits you with a +0 falchion.
The orc closely misses you. The orc misses you.
You take 1 damage, and have 17/33 hp.
You tentacle-slap the orc.
You feel a bit better.
You kill the orc!
The orc priest closely misses you. The orc barely misses you. x2
A worm comes into view.
You regained 2 hp, and now have 19/33 hp.
You closely miss the orc. You grab the orc.
You pierce the orc.
The orc is heavily wounded.
You constrict the orc, but do no damage.
The orc priest hits you from afar with a +0 trident!
The orc hits you with a +0 falchion!
* * * LOW HITPOINT WARNING * * *
The orc closely misses you.
You take 15 damage, and have 4/33 hp.
MASSIVE DAMAGE!!
You tentacle-slap the orc.
You pierce the orc.
You feel a bit better.
You kill the orc!
The orc priest barely misses you. The orc misses you.
You regained 3 hp, and now have 7/33 hp.
You howl as the wereblood boils in your veins!
The orc priest closely misses you.
The orc hits you from afar with a +0 trident!
You die...

##.(o....##
.#.........#
#.#.........#
#.#..w......#
##.#.......<.#
##............#
##............#
#..o.........#
#..@)o....####
#..<..)†..#
#.........#
#.........#
##.......##
#...$..|..#
#....$....#
#.........#
#.........#


You could see a worm, an orc priest and an orc.

Vanquished Creatures
  Jessica (D:2)
  2 adders (D:2)
  2 worms (D:2)
  3 dart slugs
  2 orcs (D:3)
  5 bats (D:1)
  6 endoplasms
  4 hobgoblins
  8 jackals
  2 quokkas
  6 ball pythons
  2 frilled lizards (D:2)
  6 goblins
  5 kobolds
  5 rats
59 creatures vanquished.

Notes
Turn   | Place    | Note
-------+----------+-------------------------------------------
     0 | D:1      | Dirtsage the Octopode Transmuter began the quest for the
                  | Orb.
     0 | D:1      | Reached XP level 1. HP: 13/13 MP: 3/3
   199 | D:1      | Reached skill level 1 in Ice Magic
   199 | D:1      | Reached XP level 2. HP: 17/18 MP: 3/5
   582 | D:1      | Reached XP level 3. HP: 20/23 MP: 4/6
   620 | D:1      | Learned a level 2 spell: Wereblood
  1124 | D:2      | Reached XP level 4. HP: 28/28 MP: 3/7
  1169 | D:2      | Noticed Jessica
  1202 | D:2      | Killed Jessica
  1656 | D:3      | Reached XP level 5. HP: 28/33 MP: 6/8
  1685 | D:3      | Slain by an orc

Illustrated notes

Levels and vault maps discovered:
D:1:      ncdulo_wetmaze, layout_basic
D:2:      minmay_angry_zag, layout_rooms, uniq_jessica
D:3:      layout_rooms, grunt_temple_overflow_diamond,
          mainiacjoe_overflow_alcove_2, portal_sewer_entry_b, minmay_quantized

Skill      XL: |  1  2  3  4 |
---------------+-------------+-----
Ice Magic      | 1 2 3 |  3.0
Transmutations | 3 |  3.8
Fighting       | |  1.0
Dodging        | |  2.0
Unarmed Combat | |  3.0
Spellcasting   | |  2.0

Action                   |  1- 3 |  4- 6 || total
-------------------------+-------+-------++-------
Melee: Unarmed           |    76 |    47 ||   123
       Constrict         |    27 |    12 ||    39
       Tentacles         |    16 |    10 ||    26
       Kick              |    17 |    11 ||    28
       Punch             |     2 |       ||     2
 Cast: Beastly Appendage |    14 |     7 ||    21
       Wereblood         |     3 |     2 ||     5
 Stab: Sleeping          |     1 |     1 ||     2
Armor: Skin              |    10 |     2 ||    12
Dodge: Dodged            |    47 |    31 ||    78

Table legend: (Time is in decaauts)
 A = Elapsed time spent in this place.
 B = Non-inter-level travel time spent in this place.
 C = Inter-level travel time spent in this place.
 D = Time resting spent in this place.
 E = Time spent auto-exploring this place.
 F = Levels seen in this place.
 G = Mean time per level.
                   A        B        C        D        E       F      G
               +--------+--------+--------+--------+--------+-----+--------+
         Total |   1677 |   1632 |     45 |      0 |   1285 |   3 |  559.0 |
       Dungeon |   1677 |   1632 |     45 |      0 |   1285 |   3 |  559.0 |
               +--------+--------+--------+--------+--------+-----+--------+

Top non-repeatable levels by time:
     D:1: 1015 daAuts
     D:2: 623 daAuts
     D:3: 38 daAuts
